 Dungeon Crawl Stone Soup version 0.30-a0-739-gea05faddec (webtiles) character file.

Game seed: 2004022237808370168

129474 holysushi the Spry (level 17, -2/109 HPs)
             Began as an Octopode Monk on Feb 4, 2023.
             Was an Initiate of Gozag.
             Killed by the air
             ... invoked by a wind drake
              (26 damage)
             ... on level 3 of the Shoals.
             The game lasted 00:51:25 (32193 turns).

holysushi the Spry (Octopode Monk)                 Turns: 32193, Time: 00:51:25

Health: -2/109     AC:  1    Str: 22    XL:     17   Next: 5%
Magic:  22/22      EV: 39    Int: 18    God:    Gozag
Gold:   1509       SH: 22    Dex: 26    Spells: 14/22 levels left

rFire   . . .      SeeInvis +    E - +5 rapier (speed)
rCold   + . .      Faith    .    e - +4 kite shield
rNeg    + + .      Spirit   .    O - +0 hat "Jiethroma" {+Inv rN+}
rPois   +          Reflect  +    t - amulet "Misebih" {Reflect rElec Str+3 SH+5}
rElec   +          Harm     .    d - ring of positive energy
rCorr   +          Rampage  .    V - ring of willpower
Will    +++..                    m - ring "Ruoro" {rF+ rCorr Str+6 Int+6}
Stlth   +++++++                  C - +5 ring of evasion
HPRegen 0.38/turn                a - ring of protection from cold
MPRegen 0.18/turn                J - +5 ring of evasion
                                 g - +6 ring of dexterity
                                 U - ring "Ogilatua" {rPois rF- Will+ SInv}

@: gold aura
A: almost no armour, amphibious, 8 rings, camouflage 1, gelatinous body 1,
(nimble swimmer 1), tentacles
a: Renounce Religion, Evoke Invisibility, Potion Petition, Call Merchant, Bribe
Branch


You were on level 3 of the Shoals.
You worshipped Gozag.
Gozag was most pleased with you.
You visited 5 branches of the dungeon, and saw 27 of its levels.
You also visited: Bailey.

You collected 8473 gold pieces.
You spent 3357 gold pieces at shops.
You paid 3607 gold pieces to Gozag.

Inventory:

Hand Weapons
 p - a +0 dagger of electrocution
 E - a +5 rapier of speed (weapon)
Missiles
 N - 3 throwing nets (quivered)
Armour
 e - a +4 kite shield (worn)
 O - the +0 hat "Jiethroma" (worn) {+Inv rN+}
   (You acquired it on level 5 of the Lair of Beasts)

   rN:        It protects you from negative energy.
   +Inv:      It lets you turn invisible.
Jewellery
 a - a ring of protection from cold (on tentacle)
 d - a ring of positive energy (left tentacle)
 g - a +6 ring of dexterity (on tentacle)
 m - the ring "Ruoro" (on tentacle) {rF+ rCorr Str+6 Int+6}
   (You acquired it on level 3 of the Dungeon)

   [ring of intelligence]

   Str:       It affects your strength (+6).
   Int:       It affects your intelligence (+6).
   rF:        It protects you from fire.
   rCorr:     It protects you from acid and corrosion.
 t - the amulet "Misebih" (around mantle) {Reflect rElec Str+3 SH+5}
   (You found it on level 8 of the Dungeon)

   [amulet of reflection]

   It reflects blocked missile attacks.
   Str:       It affects your strength (+3).
   rElec:     It insulates you from electricity.
   SH:        It affects your SH (+5).
 C - a +5 ring of evasion (on tentacle)
 J - a +5 ring of evasion (on tentacle)
 M - a ring of see invisible
 U - the ring "Ogilatua" (on tentacle) {rPois rF- Will+ SInv}
   (You bought it in a shop on level 2 of the Orcish Mines)

   [ring of poison resistance]

   rF:        It makes you vulnerable to fire.
   rPois:     It protects you from poison.
   SInv:      It lets you see invisible.
   Will:      It increases your willpower.
 V - a ring of willpower (right tentacle)
Wands
 n - a wand of mindburst (4)
 w - a wand of iceblast (4)
 y - a wand of digging (1)
 z - a wand of paralysis (5)
 B - a wand of polymorph (9)
 F - a wand of quicksilver (4)
 H - a wand of flame (32)
Scrolls
 f - 10 scrolls of teleportation
 i - 3 scrolls of vulnerability
 o - 3 scrolls of fog
 r - 5 scrolls of identify
 D - a scroll of immolation
 I - 2 scrolls of amnesia
 K - a scroll of summoning {unknown}
 L - 5 scrolls of fear
 P - 2 scrolls of blinking {unknown}
 R - 6 scrolls of magic mapping
 S - a scroll of silence {unknown}
 T - a scroll of brand weapon
Potions
 b - 2 potions of ambrosia
 c - 4 potions of flight
 h - 8 potions of lignification
 j - 3 potions of berserk rage
 k - 8 potions of curing
 l - 4 potions of brilliance
 q - 6 potions of mutation
 s - 4 potions of might
 u - 2 potions of magic
 v - 5 potions of invisibility
 x - 5 potions of heal wounds
 A - 9 potions of haste
 G - a potion of resistance {unknown}
 Q - a potion of cancellation


   Skills:
 + Level 7.7 Fighting
 - Level 14.0 Short Blades
 - Level 18.0 Dodging
 - Level 14.6 Stealth
 + Level 7.6 Shields
 - Level 3.4 Spellcasting
 - Level 15.8 Evocations


You had 14 spell levels left.
You knew the following spells:

 Your Spells              Type           Power      Damage    Failure   Level
a - Confusing Touch       Hex            3%         N/A       75%         3
b - Passwall              Tmut/Erth      2%         N/A       52%         2
c - Dazzling Flash        Conj/Hex       6%         N/A       75%         3

Your spell library contained the following spells:

 Spells                   Type           Power      Damage    Failure   Level
 Slow                     Hex            12%        N/A       36%         1
 Blink                    Tloc           6%         N/A       52%         2
 Ensorcelled Hibernation  Hex/Ice        6%         N/A       52%         2
 Lesser Beckoning         Tloc           6%         N/A       52%         2
 Scorch                   Fire           6%         2d5       52%         2
 Gell's Gravitas          Tloc           3%         N/A       75%         3
 Hailstorm                Conj/Ice       3%         3d3       75%         3
 Ignite Poison            Fire/Tmut/Pois 3%         N/A       75%         3
 Inner Flame              Hex/Fire       3%         N/A       75%         3
 Portal Projectile        Hex/Tloc       6%         N/A       75%         3
 Stone Arrow              Conj/Erth      6%         3d7       75%         3
 Swiftness                Air            3%         N/A       75%         3
 Teleport Other           Tloc           3%         N/A       75%         3
 Tukima's Dance           Hex            3%         N/A       75%         3
 Vampiric Draining        Necr           3%         2d6       75%         3
 Anguish                  Hex/Necr       1%         N/A       98%         4
 Cause Fear               Hex            1%         N/A       98%         4
 Flame Wave               Conj/Fire      3%         2d5       98%         4
 Ice Form                 Ice/Tmut       3%         N/A       98%         4
 Leda's Liquefaction      Hex/Erth       1%         N/A       98%         4
 Sticky Flame             Conj/Fire      3%         2d3       98%         4
 Agony                    Necr           3%         N/A       100%        5
 Blade Hands              Tmut           1%         N/A       100%        5
 Freezing Cloud           Conj/Ice/Air   1%         6-21      100%        5
 Lee's Rapid Deconstruct  Erth           1%         3d4*      100%        5
 Silence                  Hex/Air        1%         N/A       100%        5
 Yara's Violent Unravell  Hex/Tmut       1%         3d3       100%        5
 Dispersal                Tloc           1%         N/A       100%        6
 Statue Form              Tmut/Erth      2%         N/A       100%        6
 Summon Cactus Giant      Summ           1%         N/A       100%        6
 Enfeeble                 Hex            1%         N/A       100%        7
 Discord                  Hex            1%         N/A       100%        8
 Disjunction              Tloc           1%         N/A       100%        8
 Ignition                 Fire           1%         3d3       100%        8
 Lehudib's Crystal Spear  Conj/Erth      1%         10d2      100%        8
 Polar Vortex             Ice            1%         N/A       100%        9
 Animate Armour           Summ/Erth      Unusable   N/A       N/A         4
 Simulacrum               Ice/Necr       Unusable   N/A       N/A         6

Dungeon Overview and Level Annotations

Branches:
Dungeon (15/15) Zot: 24903  Temple (1/1) D:6 Zot: 5920    Lair (5/5) D:11 Zot: 22865
 Shoals (4/4) Lair:3 Zot: 20478   Snake (0/4) Lair:2        Slime (0/5) Lair:5
    Orc (2/2) D:12 Zot: 9990     Elf (0/3) Orc:2        Vaults (0/5) D:14
 Depths (0/4) D:15         Bailey (visited)

Altars:
Ashenzari
Cheibriados
Dithmenos
Elyvilon
Fedhas
Gozag
Hepliaklqana
Kikubaaqudgha
Makhleb
Nemelex Xobeh
Okawaru
Qazlal
Ru
Sif Muna
Trog
Uskayaw
Vehumet
Wu Jian
Xom
Yredelemnul
Zin
The Shining One

Shops:
D:1 *   D:10 (   D:12 !!   Orc:1 :   Orc:2 *?*!:!=[   Lair:1 :   Lair:3 (

Annotations:
D:12 3 runed translucent doors, Efuan's ghost, journeyman MiFi


Innate Abilities, Weirdness & Mutations

You cannot wear most types of armour.
You are amphibious.
You can wear up to eight rings at the same time.
Your skin changes colour to match your surroundings (Stealth+).
Your rubbery body absorbs attacks. (AC +1, EV +1)
((You are camouflaged when in or above water. (Stealth+)))
You have tentacles for arms and can constrict up to eight enemies at once.


Message History

You block the harpy's attack. The harpy completely misses you.
You block the wind drake's attack.
You climb upwards.
There is a stone staircase leading down here.
You hit the harpy. You grab the harpy.
The harpy is almost dead.
You constrict the harpy.
You kill the harpy!
You closely miss the wind drake. The wind drake completely misses you.
You puncture the wind drake! Your squeeze misses the wind drake.
The wind drake is moderately wounded.
You hit the wind drake. Your squeeze misses the wind drake.
The wind drake is moderately wounded.
The wind drake exhales a fierce blast of wind!
You are knocked back by the gust of wind.
The wind drake completely misses you.
There is a stone staircase leading down here.
You puncture the wind drake!
The wind drake is heavily wounded.
You completely miss the wind drake.
The wind drake is heavily wounded.
The wind drake flaps its wings at you. The air twists around and strikes you!!
You are too injured to fight recklessly!
You are too injured to fight recklessly!
You closely miss the wind drake. Your squeeze misses the wind drake.
The wind drake is heavily wounded.
You are too injured to fight recklessly!
You hit the wind drake. Your squeeze misses the wind drake.
The wind drake is heavily wounded.
The wind drake flaps its wings at you. The air twists around and strikes you!!
* * * LOW HITPOINT WARNING * * *
You are too injured to fight recklessly!
You hit the wind drake. You squeeze the wind drake!
The wind drake is almost dead.
The wind drake flaps its wings at you. The air twists around and strikes you!!
You die...
Your body crumbles into a pile of gold.

#≈≈≈≈≈≈≈≈≈≈≈≈≈~~~~~~~~~~~≈~~~~.
#≈≈≈≈≈≈≈≈≈≈≈≈~~~~.~~~~~~~~~~~..
#≈≈≈≈≈≈≈≈≈≈≈~~~~....~~~~~~~~~..
#≈≈≈≈≈≈≈≈≈≈~~~.....~~~~~~~~~..~
#≈≈≈≈≈≈≈≈≈≈~~......~~~<~~~~....
#≈≈≈≈≈≈≈≈≈≈~~...........~~..##.
#≈≈≈≈≈≈≈≈≈≈≈~~.(###....~~~~###~
#≈≈≈≈≈≈≈≈≈≈≈~~.$###.~.~~~~~...~
#≈≈≈≈≈≈≈≈≈≈≈P~@~.......~~~)...~
#≈≈≈≈≈≈≈≈≈≈≈~k......~.~~~~~...~
#≈≈≈≈≈≈≈≈≈≈≈P...P...~~~~~~~...~
#≈≈≈≈≈≈≈≈≈≈≈≈≈~.P...~~~~~......
#≈≈≈≈≈≈≈≈≈≈≈≈≈≈≈≈≈≈≈~~~~......~
#≈≈≈≈≈≈≈≈≈≈≈≈≈≈≈≈≈≈~~~.~....~~~
#≈≈≈≈≈≈≈≈≈≈≈≈≈≈≈≈≈~~~......)~~~
#≈≈≈≈≈≈≈≈≈≈≈≈~P~~~~~.....#...~~
#≈≈≈≈≈≈≈~P~~~~~~~~~~~~~.###...~


You could see a wind drake (repels missiles).

Vanquished Creatures
  A kraken (Shoals:2)
  Frances (Shoals:2)
  The ghost of Wipuing the Fighter, a journeyman MiBe of Trog (D:13)
  Snorg (D:12)
  2 ettins
  A merfolk javelineer (Shoals:3)
  7 merfolk impalers
  Josephine (Lair:4)
  An ice dragon (Lair:5)
  5 hydras
  6 vault guards
  A catoblepas (D:12)
  3 ogre magi
  A merfolk avatar (Lair:5)
  3 centaur warriors (D:13)
  9 two-headed ogres
  3 alligator snapping turtles
  A death knight (D:14)
  3 boulder beetles
  9 tengu warriors
  2 satyrs (Shoals:3)
  Urug (Lair:4)
  A shock serpent (shapeshifter) (D:14)
  3 orc high priests (Orc:2)
  Nergalle (D:11)
  Amaemon (Lair:1)
  A fire crab (shapeshifter) (D:15)
  9 sea snakes
  A skeletal warrior (D:14)
  A deep troll (D:15)
  8 harpies
  4 deep elf pyromancers
  A wizard (D:15)
  A lindwurm (Lair:5)
  6 orc knights
  A shining eye (shapeshifter) (D:14)
  An oklob plant (Lair:2)
  3 cyclopes
  18 elephants
  9 ugly things
  7 fauns
  4 orc sorcerers (Orc:2)
  8 manticores
  Maurice (Orc:1)
  5 merfolk sirens
  A guardian serpent (shapeshifter) (D:14)
  An orange demon (Lair:1)
  3 black mambas (Lair:5)
  3 water nymphs
  7 cane toads
  2 gargoyles
  A kobold demonologist (D:12)
  An unseen horror (D:10)
  5 rime drakes (Lair:5)
  An unseen horror (shapeshifter) (D:15)
  An efreet (D:14)
  7 komodo dragons
  A tengu conjurer (D:15)
  4 wind drakes
  16 merfolk
  6 polar bears
  5 trolls
  2 hornets
  Prince Ribbit (Bailey)
  12 dream sheep
  37 blink frogs
  Grinder (D:4)
  Sigmund (D:2)
  6 snapping turtles
  6 slime creatures
  32 yaks
  A centaur simulacrum (D:14)
  2 shadows
  A vampire (D:9)
  3 water elementals
  7 wraiths
  2 basilisks (Lair:2)
  5 wyverns
  8 humans (Bailey)
  5 steam dragons
  6 vampire mosquitoes
  3 wargs (Orc:1)
  2 nagas (Lair:2)
  12 water moccasins
  4 acid dragons (D:9)
  16 orc warriors
  13 wolves
  18 ogres
  2 black bears
  18 centaurs
  8 kobold brigands
  26 bullfrogs
  4 scorpions
  5 gnoll sergeants
  A necrophage (D:3)
  13 wights
  7 killer bees (D:9)
  5 howler monkeys
  4 jellies
  14 orc priests
  3 hounds
  A gnoll bouda (D:8)
  4 iguanas
  Crazy Yiuf (D:4)
  11 orc wizards
  8 hell rats
  Robin (D:2)
  9 adders
  27 gnolls
  2 shadow imps
  A white imp (D:6)
  3 ufetubi
  3 worms
  5 dart slugs
  50 orcs
  4 endoplasms
  8 giant cockroaches
  17 goblins
  10 hobgoblins
  12 jackals
  15 kobolds
  2 quokkas
  4 ball pythons
  6 bats
  3 frilled lizards (D:1)
  8 rats
  A tentacle (Shoals:2)
755 creatures vanquished.

Vanquished Creatures (others)
  Nessos (Lair:4)
  An orc warrior (D:13)
  A killer bee (D:9)
  29 fungi
  77 plants
  10 tentacles (Shoals:2)
119 creatures vanquished.

Grand Total: 874 creatures vanquished

Notes
Turn   | Place    | Note
-------+----------+-------------------------------------------
     0 | D:1      | holysushi the Octopode Monk began the quest for the Orb.
     0 | D:1      | Reached XP level 1. HP: 16/16 MP: 1/1
    45 | D:1      | Found Pyamom's General Store.
    60 | D:1      | Found a faded altar of an unknown god.
    80 | D:1      | Reached XP level 2. HP: 17/21 MP: 2/2
   390 | D:1      | Reached XP level 3. HP: 15/26 MP: 1/3
   881 | D:2      | Reached XP level 4. HP: 20/31 MP: 2/4
   968 | D:2      | Noticed Sigmund
   976 | D:2      | Killed Sigmund
   977 | D:2      | Reached XP level 5. HP: 36/36 MP: 5/5
   977 | D:2      | Reached XP level 6. HP: 42/42 MP: 6/6
  1138 | D:2      | Noticed Robin
  1181 | D:2      | HP: 1/42 [Robin/+0 mace (6)]
  1182 | D:2      | Killed Robin
  1869 | D:3      | Reached skill level 1 in Spellcasting
  2203 | D:3      | Found a burning altar of Makhleb.
  2333 | D:3      | Identified a scroll of acquirement
  2333 | D:3      | Acquired the ring "Ruoro" {rF+ rCorr Str+6 Int+6}
  2566 | D:4      | Noticed Grinder
  2577 | D:4      | Killed Grinder
  2578 | D:4      | Reached XP level 7. HP: 33/46 MP: 4/10
  2734 | D:4      | Found a broken altar of Ashenzari.
  2807 | D:4      | Found a runed translucent door.
  2808 | D:4      | Noticed Crazy Yiuf
  3085 | D:4      | Found an ornate altar of the Wu Jian Council.
  3139 | D:4      | Found a bloodstained altar of Trog.
  3216 | D:4      | Killed Crazy Yiuf
  3252 | D:5      | Entered Level 5 of the Dungeon
  3289 | D:5      | Reached XP level 8. HP: 35/52 MP: 9/13
  3352 | D:5      | Found a white marble altar of Elyvilon.
  3368 | D:5      | Found an iron altar of Okawaru.
  3457 | D:5      | Found a snail-covered altar of Cheibriados.
  3533 | D:5      | Found a glowing golden altar of the Shining One.
  4034 | D:6      | Found a sacrificial altar of Ru.
  4468 | D:6      | Found a staircase to the Ecumenical Temple.
  4470 | D:6      | Reached skill level 10 in Short Blades
  4479 | Temple   | Entered the Ecumenical Temple
  4634 | D:6      | Found a sparkling altar of Nemelex Xobeh.
  4634 | D:6      | Found an opulent altar of Gozag.
  4647 | D:6      | Became a worshipper of Gozag Ym Sagoz the Greedy
  4802 | D:6      | Reached XP level 9. HP: 38/56 MP: 9/14
  5292 | D:7      | Reached skill level 4 in Dodging
  5811 | D:7      | Learned a level 3 spell: Confusing Touch
  5913 | D:8      | Reached skill level 1 in Shields
  5917 | D:8      | Reached skill level 5 in Stealth
  6363 | D:8      | Reached skill level 5 in Dodging
  6594 | D:8      | Reached skill level 6 in Dodging
  6839 | D:8      | Identified the amulet "Misebih" {Reflect rElec Str+3 SH+5}
  7143 | D:9      | Reached skill level 7 in Dodging
  7143 | D:9      | Reached XP level 10. HP: 39/63 MP: 10/15
  7165 | D:9      | Reached skill level 8 in Dodging
  7270 | D:9      | Found a flagged portal.
  7311 | D:9      | Reached skill level 9 in Dodging
  7377 | Bailey   | Entered a bailey
  7425 | Bailey   | Reached skill level 1 in Evocations
  7632 | Bailey   | Reached skill level 10 in Dodging
  7632 | Bailey   | Reached skill level 5 in Evocations
  7717 | Bailey   | Reached XP level 11. HP: 37/67 MP: 16/16
  7841 | Bailey   | Noticed a vault guard
  7841 | Bailey   | Noticed Prince Ribbit
  7855 | Bailey   | Killed Prince Ribbit
  7859 | Bailey   | Killed a vault guard
  7908 | Bailey   | Noticed a vault guard
  7915 | Bailey   | Killed a vault guard
  7916 | Bailey   | Reached skill level 11 in Dodging
  7954 | D:9      | Found an ancient bone altar of Kikubaaqudgha.
  8232 | D:9      | Identified the +3 rapier "Caicul" {heavy, Will+ rCorr}
  8394 | D:9      | Noticed a two-headed ogre
  8400 | D:9      | Noticed a two-headed ogre
  8401 | D:9      | Killed a two-headed ogre
  8426 | D:9      | Killed a two-headed ogre
  8427 | D:9      | Reached skill level 12 in Dodging
  8778 | D:9      | Found a stormy altar of Qazlal.
  9084 | D:9      | Noticed a two-headed ogre
  9128 | D:9      | Reached skill level 13 in Dodging
  9137 | D:9      | Killed a two-headed ogre
  9339 | D:9      | Noticed a two-headed ogre
  9339 | D:9      | Noticed a deep elf pyromancer
  9340 | D:9      | Noticed a cyclops
  9354 | D:9      | Noticed a tengu warrior
  9355 | D:9      | Reached XP level 12. HP: 64/72 MP: 17/17
  9365 | D:9      | Killed a two-headed ogre
  9372 | D:9      | Reached skill level 14 in Dodging
  9377 | D:9      | Killed a tengu warrior
  9521 | D:9      | Learned a level 2 spell: Passwall
  9680 | D:10     | Entered Level 10 of the Dungeon
  9889 | D:10     | Bought a +3 rapier of speed for 464 gold pieces
 10016 | D:10     | Noticed a three-headed hydra
 10030 | D:10     | Killed a three-headed hydra
 10031 | D:10     | Reached skill level 15 in Dodging
 10187 | D:10     | Found a radiant altar of Vehumet.
 11400 | D:11     | Found a staircase to the Lair.
 11540 | D:11     | Noticed a boulder beetle
 11571 | D:11     | Killed a boulder beetle
 12472 | D:11     | Noticed Nergalle
 12488 | D:11     | Killed Nergalle
 12647 | Lair:1   | Entered Level 1 of the Lair of Beasts
 13009 | Lair:1   | Noticed Amaemon
 13025 | Lair:1   | Killed Amaemon
 13027 | Lair:1   | Reached XP level 13. HP: 66/77 MP: 18/18
 13068 | Lair:1   | Reached skill level 16 in Dodging
 13510 | Lair:2   | Identified the +5 flail "Rion" {pain, rN+ Dex+3 SInv}
 13564 | Lair:2   | Found a staircase to the Snake Pit.
 14714 | Lair:3   | Reached skill level 10 in Stealth
 15168 | Lair:3   | You fall into a shaft and drop 1 floor!
 15179 | Lair:4   | Noticed Urug
 15210 | Lair:4   | Killed Urug
 15957 | Lair:3   | Reached skill level 17 in Dodging
 16264 | Lair:4   | Noticed Nessos
 16297 | Lair:4   | Killed Nessos
 16298 | Lair:4   | Reached XP level 14. HP: 53/83 MP: 19/19
 16720 | Lair:4   | Noticed Josephine
 16745 | Lair:4   | Killed Josephine
 17292 | Lair:5   | Entered Level 5 of the Lair of Beasts
 18031 | Lair:5   | Acquired the +0 hat "Jiethroma" {+Inv rN+}
 18072 | Lair:5   | Found a staircase to the Slime Pits.
 18514 | Lair:5   | Reached skill level 18 in Dodging
 18821 | Lair:5   | HP: 1/76 [komodo dragon (33)]
 19064 | Lair:5   | Identified the +8 trident of the Teaching Gods {chaos,
                  | Will+}
 20329 | D:12     | Noticed Snorg
 20375 | D:12     | Killed Snorg
 20378 | D:12     | Reached skill level 10 in Evocations
 20423 | D:12     | Reached XP level 15. HP: 67/86 MP: 20/20
 20548 | D:12     | Bought a potion of heal wounds for 60 gold pieces
 20548 | D:12     | Bought a potion of invisibility for 96 gold pieces
 20667 | D:12     | Found Ehoag's Distillery.
 20710 | D:12     | Found a runed translucent gate.
 20710 | D:12     | Found a runed translucent gate.
 20710 | D:12     | Found a runed translucent gate.
 20816 | D:12     | Noticed Efuan's ghost (journeyman MiFi)
 20995 | D:12     | Found a staircase to the Orcish Mines.
 21776 | D:13     | Found a runed translucent gate.
 21777 | D:13     | Found a runed translucent gate.
 21778 | D:13     | Found a runed translucent gate.
 21780 | D:13     | Noticed Wipuing's ghost (journeyman MiBe)
 21781 | D:13     | Found an iron altar of Okawaru.
 21904 | D:13     | Got the Omnibus of Dimensional Necromancy
 22447 | D:13     | Killed Wipuing's ghost
 23141 | D:14     | Found a gate to the Vaults.
 23758 | Orc:1    | Entered Level 1 of the Orcish Mines
 23782 | Orc:1    | Noticed Maurice
 23817 | Orc:1    | Killed Maurice
 23845 | Orc:1    | Found Aguochuj's Book Emporium.
 24106 | Orc:2    | Entered Level 2 of the Orcish Mines
 24267 | Orc:2    | Found Madaeb's General Store.
 24270 | Orc:2    | Found Waat's General Store.
 24282 | Orc:2    | Found Layhuz's Magic Scroll Shop.
 24300 | Orc:2    | Bought a scroll of enchant armour for 90 gold pieces
 24303 | Orc:2    | Bought a scroll of enchant armour for 120 gold pieces
 24303 | Orc:2    | Bought a wand of iceblast (4) for 153 gold pieces
 24303 | Orc:2    | Bought a scroll of fear for 64 gold pieces
 24315 | Orc:2    | Found a staircase to the Elven Halls.
 24324 | Orc:2    | Found Tuneteaf's Armour Shoppe.
 24643 | Orc:2    | Reached skill level 15 in Evocations
 24672 | Orc:2    | Found Jifop's Book Boutique.
 24672 | Orc:2    | Found Duedurhox's Distillery.
 24931 | Orc:2    | Bought a scroll of teleportation for 42 gold pieces
 24931 | Orc:2    | Bought a scroll of magic mapping for 105 gold pieces
 24931 | Orc:2    | Bought a scroll of magic mapping for 105 gold pieces
 24931 | Orc:2    | Bought a scroll of magic mapping for 105 gold pieces
 24986 | Orc:2    | Found Larat's Jewellery Boutique.
 24986 | Orc:2    | Found Fampehor's Distillery.
 24992 | Orc:2    | Bought a book of the Senses for 480 gold pieces
 24998 | Orc:2    | Learned a level 3 spell: Dazzling Flash
 25000 | Orc:2    | Bought a ring of see invisible for 180 gold pieces
 25003 | Orc:2    | Bought a potion of haste for 140 gold pieces
 25003 | Orc:2    | Bought a potion of haste for 140 gold pieces
 25005 | Orc:2    | Bought a potion of heal wounds for 80 gold pieces
 25007 | Orc:2    | Bought a potion of heal wounds for 70 gold pieces
 25007 | Orc:2    | Bought a potion of heal wounds for 70 gold pieces
 25924 | D:15     | Entered Level 15 of the Dungeon
 25985 | D:14     | Reached XP level 16. HP: 53/95 MP: 17/21
 26328 | D:14     | Reached skill level 5 in Fighting
 27006 | D:15     | Found a staircase to the Depths.
 27069 | D:15     | Found a shimmering altar of Xom.
 27247 | D:15     | Found a shimmering altar of Xom.
 27248 | D:15     | Found a shimmering altar of Xom.
 27248 | D:15     | Found a shimmering altar of Xom.
 27248 | D:15     | Found a shimmering altar of Xom.
 27248 | D:15     | Found a shimmering altar of Xom.
 27250 | D:15     | Found a shimmering altar of Xom.
 27473 | D:15     | Identified the +2 dagger of the Enemy {heavy, Str+2}
 27758 | Orc:2    | Bought the ring "Ogilatua" {rPois rF- Will+ SInv} for 357
                  | gold pieces
 27762 | Orc:2    | Bought a ring of willpower for 300 gold pieces
 28036 | D:1      | Bought a scroll of enchant armour for 97 gold pieces
 28036 | D:1      | Bought a scroll of teleportation for 39 gold pieces
 28331 | Shoals:1 | Entered Level 1 of the Shoals
 29299 | Shoals:1 | Reached skill level 5 in Shields
 30160 | Shoals:2 | Noticed Frances
 30181 | Shoals:2 | Killed Frances
 30570 | Shoals:2 | Noticed a kraken
 30771 | Shoals:2 | Killed a kraken
 31095 | Shoals:3 | Found a snail-covered altar of Cheibriados.
 31314 | Shoals:3 | Found a stormy altar of Qazlal.
 31451 | Shoals:3 | Reached XP level 17. HP: 51/108 MP: 22/22
 31812 | Shoals:3 | Identified the +9 lajatang "Nigoal" {heavy, rC++ Will-
                  | Str-5 Int+9}
 32164 | Shoals:4 | Entered Level 4 of the Shoals
 32193 | Shoals:3 | Killed from afar by a wind drake

Illustrated notes

Levels and vault maps discovered:
D:1:      psy_arrival_fountain, layout_rooms, serial_shops, shop,
          ebering_ecumenical_altar_rust, minmay_nonomino_d4
D:2:      layout_loops_corners, reono_crystal_passage, uniq_sigmund, uniq_robin
D:3:      layout_basic, lightli_temple_of_fire, serial_bayou,
          serial_bayou_shore_b, serial_bayou_ford_a, serial_bayou_pond_a,
          serial_bayou_shore_a
D:4:      layout_rooms, kennysheep_little_box, mainiacjoe_overflow_alcove_4,
          lemuel_crystal_altar, uniq_grinder, uniq_crazy_yiuf_cottage
D:5:      layout_basic, old_standard_altar, mainiacjoe_overflow_chevrons,
          okawaru_trees_1, cheibriados_altar_1, serial_curves, eino_curves_02,
          eino_curves_04
D:6:      layout_loops_ring, grunt_temple_overflow_opulence,
          hangedman_ru_absence, minmay_temple_entry_proselytizer
D:7:      layout_basic
D:8:      layout_basic, kennysheep_generic_room_3
D:9:      minmay_quarter_circles, layout_basic, mainiacjoe_overflow_alcove_2,
          nicolae_kikubaaqudgha_miasma_corner, enter_bailey_5,
          serial_corexii_hall, chequers_hall_statues_corner_a,
          corexii_hall_statues_l
D:10:     layout_basic, mainiacjoe_overflow_cross_hatched, nicolae_two_hexagons,
          nrook_loot_triangle, hangedman_ranch
D:11:     nicolae_cairo_tiling_very_big, layout_stronghold, lair_entry_dummy,
          serial_bayou_crossing, uniq_nergalle
D:12:     layout_loops_ring, orc_0_dummy, gammafunk_ghost_necromancy,
          serial_shops, nicolae_square_shop, uniq_snorg
D:13:     layout_irregular_city, gammafunk_ghost_fury_of_okawaru
D:14:     layout_cave_pools, lightli_vaults_fourway_checkpoint,
          nicolae_hexahallways
D:15:     hangedman_depths_entry_civil_slaughter, layout_irregular_city,
          nicolae_xom_altar_mimics
Temple:   hellmonk_temple_two_chambers
Lair:1:   layout_regular_city, serial_bayou_pond_e, uniq_amaemon
Lair:2:   layout_loops_ring, minmay_snake_entry_guardpost_small, minivault_26,
          guppyfry_lair_drakes, grunt_megastairs_2
Lair:3:   layout_regular_city, nicolae_shoals_entry_flooding
Lair:4:   layout_cave_pods, chequers_serial_rivers_micro_e, grunt_megastairs_4,
          uniq_josephine, uniq_urug, uniq_nessos
Lair:5:   gammafunk_lair_ancient_temple, layout_hall_layers, slime_entry_1,
          portal_ice_cave_entry_animals_and_master, lemuel_fruit_fields,
          serial_bayou_shore_b
Shoals:1: layout_shoals
Shoals:2: layout_shoals, uniq_frances
Shoals:3: layout_shoals, hangedman_feature_mirror
Shoals:4: shoals_end_grunt_ice, layout_shoals, nicolae_shoals_water_shrine
Orc:1:    layout_caves, serial_shops, nicolae_shop_trees, basic_altar,
          mines4_lemuel, uniq_maurice
Orc:2:    grunt_orc_tribal_feast, layout_caves, basic_altar, serial_shops, shop,
          shop, shop, nicolae_diamond_shop

Skill      XL: |  1  2  3  4  5  6  7  8  9 10 11 12 13 14 15 16 |
---------------+-------------------------------------------------+-----
Stealth        | 3 5 7 10 11 14 | 14.6
Short Blades   | 4 6 7 8 10 11 13 14 | 14.0
Spellcasting   | 2 3 |  3.4
Dodging        | 7 10 13 15 17 18 | 18.0
Shields        | 4 7 |  7.6
Evocations     | 5 6 10 15 | 15.8
Fighting       | 4 7 |  7.7

Action                     |  1- 3 |  4- 6 |  7- 9 | 10-12 | 13-15 | 16-18 || total
---------------------------+-------+-------+-------+-------+-------+-------++-------
  Melee: Short sword       |    63 |    33 |       |       |       |       ||    96
         Constrict         |    15 |    24 |    64 |    81 |   162 |    63 ||   409
         Tentacles         |    17 |    13 |    82 |   227 |   656 |   209 ||  1204
         Punch             |     2 |       |     4 |    11 |    44 |    17 ||    78
         Dagger            |       |    58 |   301 |   458 |       |       ||   817
         Rapier            |       |       |       |   243 |  1765 |   519 ||  2527
   Cast: Confusing Touch   |       |       |       |       |     1 |       ||     1
 Invoke: Potion Petition   |       |       |     1 |     1 |     1 |       ||     3
         Call Merchant     |       |       |       |     2 |     2 |       ||     4
Ability: Evoke Invisibilit |       |       |       |       |     7 |     4 ||    11
  Evoke: Wand              |       |       |       |    15 |     5 |    28 ||    48
    Use: Scroll            |       |     6 |    11 |     5 |    19 |     7 ||    48
         Potion            |       |       |     1 |       |     5 |     4 ||    10
   Stab: Sleeping          |     8 |     7 |    15 |    10 |    31 |     9 ||    80
         Distracted        |       |     1 |     1 |     7 |     9 |     5 ||    23
         Paralysed         |       |       |       |     8 |       |     5 ||    13
         Invisible         |       |       |       |       |    41 |    18 ||    59
         Held in net/web   |       |       |       |       |       |     1 ||     1
 Armour: Skin              |     6 |    12 |     6 |     6 |     5 |     2 ||    37
  Dodge: Dodged            |    31 |    39 |   147 |   274 |   781 |   252 ||  1524
  Block: Buckler           |     3 |     8 |    40 |   252 |   524 |    57 ||   884
         Reflection        |       |       |       |     9 |    30 |    22 ||    61
         Kite shield       |       |       |       |       |       |   238 ||   238

Table legend: (Time is in decaauts)
 A = Elapsed time spent in this place.
 B = Non-inter-level travel time spent in this place.
 C = Inter-level travel time spent in this place.
 D = Time resting spent in this place.
 E = Time spent auto-exploring this place.
 F = Levels seen in this place.
 G = Mean time per level.
                   A        B        C        D        E       F      G
               +--------+--------+--------+--------+--------+-----+--------+
         Total |  30136 |  28299 |   1837 |   4745 |  17629 |  28 | 1076.3 |
       Dungeon |  16887 |  15696 |   1191 |   2364 |  10223 |  15 | 1125.8 |
        Temple |     79 |     79 |      0 |      0 |     73 |   1 |   79.0 |
          Lair |   7134 |   6723 |    411 |   1145 |   4085 |   5 | 1426.8 |
        Shoals |   3521 |   3471 |     50 |    731 |   2110 |   4 |  880.2 |
  Orcish Mines |   2009 |   1825 |    184 |    271 |   1127 |   2 | 1004.5 |
        Bailey |    503 |    503 |      0 |    233 |     11 |   1 |  503.0 |
               +--------+--------+--------+--------+--------+-----+--------+

Top non-repeatable levels by time:
  Lair:5: 1998 daAuts
     D:9: 1881 daAuts
  Lair:4: 1704 daAuts
    D:13: 1678 daAuts
    D:10: 1643 daAuts
  Lair:3: 1495 daAuts
   Orc:2: 1352 daAuts
Shoals:3: 1288 daAuts
     D:8: 1267 daAuts
    D:11: 1248 daAuts
     D:2: 1219 daAuts
    D:12: 1213 daAuts
Shoals:1: 1189 daAuts
  Lair:2: 1078 daAuts
    D:14: 1051 daAuts
